 Dungeon Crawl Stone Soup version 0.27.1-3-gb3d3a73c9e (webtiles) character file.

Game seed: 9250281542374590341

88 Dustman the Ogre Mage (level 4, -7/44 HPs)
             Began as an Ogre Transmuter on Oct 18, 2021.
             Mangled by Menkaure (21 damage)
             ... on level 4 of the Dungeon.
             The game lasted 00:17:04 (1376 turns).

Dustman the Ogre Mage (Ogre Transmuter)             Turns: 1376, Time: 00:17:04

Health: -7/44      AC:  3    Str: 15    XL:     4   Next: 53%
Magic:  8/8        EV:  9    Int: 14    God:
Gold:   44         SH:  0    Dex:  9    Spells: 5/9 levels left

rFire    . . .     SeeInvis .     - Unarmed
rCold    . . .     Faith    .   (no shield)
rNeg     . . .     Spirit   .   a - +0 robe
rPois    .         Reflect  .   (helmet currently unavailable)
rElec    .         Harm     .   (no cloak)
rCorr    .         Rampage  .   (gloves unavailable)
Will     .....                  (boots unavailable)
Stlth    ..........             (no amulet)
HPRegen  0.14/turn              (no ring)
MPRegen  0.11/turn              (no ring)

@: confused, appendages (expiring), silenced, ambrosia-drunk, wereblooded
(expiring)
A: horns 2, talons 2, large, unfitting armour, tough skin 1
a: End Transformation


You were on level 4 of the Dungeon.
You had temporarily grown beastly horns and talons.
You visited 1 branch of the dungeon, and saw 4 of its levels.

You collected 44 gold pieces.

Inventory:

Armour
 a - a +0 robe (worn)
 l - +0 ice dragon scales
Magical Staves
 d - a staff of poison
Scrolls
 e - 2 scrolls of identify {unknown}
 f - a scroll of acquirement {unknown}
 j - 2 scrolls of teleportation {unknown}
 k - a scroll of immolation {unknown}
 o - 2 scrolls of silence
Potions
 b - 2 potions of heal wounds {unknown}
 c - a potion of might {unknown}
 g - a potion of brilliance {unknown}
 h - a potion of attraction {unknown}
 m - a potion of flight {unknown}


   Skills:
 + Level 2.9 Fighting
 + Level 0.7 Armour
 - Level 1.7 Dodging
 + Level 3.2 Unarmed Combat
 + Level 3.2 Spellcasting
 + Level 0.7 Necromancy
 + Level 2.1 Transmutations


You had 5 spell levels left.
You knew the following spells:

 Your Spells              Type           Power      Damage    Failure   Level
a - Beastly Appendage     Tmut           16%        N/A       9%          1
b - Wereblood             Tmut           8%         N/A       13%         2
c - Pain                  Necr           16%        1d4       16%         1

Your spell library contained the following spells:

 Spells                   Type           Power      Damage    Failure   Level
 Spider Form              Tmut/Pois      2%         N/A       38%         3
 Ice Form                 Ice/Tmut       5%         N/A       80%         4
 Agony                    Necr           4%         N/A       99%         5
 Excruciating Wounds      Necr           2%         N/A       99%         5


Dungeon Overview and Level Annotations

Branches:
Dungeon (4/15)
 Temple: D:4-7

Altars:

Annotations:
D:4 Menkaure


Innate Abilities, Weirdness & Mutations

You have temporarily grown beastly horns and talons.
You are too large for most types of armour.
You have tough skin. (AC +1)


Message History

Menkaure gestures at you while chanting.
You barely resist. The orc hits you with a +0 dagger.
Menkaure calls on the powers of darkness!
Your body is wracked with pain!
* * * LOW HITPOINT WARNING * * *
Press: ? - help, v - describe, . - travel
Here: an orc, wielding a +0 dagger and wearing a +0 chain mail (severely wounded)
The floor.
Unknown command.
As you read the scroll labelled KOLUEH PEXOCK, it crumbles to dust.
A profound silence engulfs you.
It was a scroll of silence.
The orc closely misses you.
You are confused.
You feel invigorated.
Your transformation is almost over.
The orc closely misses you.
You bump into the rock wall.
Menkaure hits you!
* * * LOW HITPOINT WARNING * * *
The orc hits you with a +0 dagger.
* * * LOW HITPOINT WARNING * * *
You bump into the rock wall.
Menkaure hits you.
* * * LOW HITPOINT WARNING * * *
The orc barely misses you. Menkaure barely misses you.
You bump into the rock wall.
The orc hits you with a +0 dagger.
* * * LOW HITPOINT WARNING * * *
Menkaure barely misses you.
You hit the orc.
You feel a bit better.
You kill the orc!
Menkaure barely misses you.
You closely miss the orc. Your kick misses the orc.
Your headbutt misses the orc. Menkaure hits you but does no damage.
The orc hits you with a +0 short sword.
* * * LOW HITPOINT WARNING * * *
You closely miss the orc. Your kick misses the orc. Menkaure barely misses you.
The orc hits you with a +0 short sword.
* * * LOW HITPOINT WARNING * * *
You barely miss the orc.
Your primal bloodlust is almost over.
Menkaure hits you!!
You die...

......# #......# #.# .#
##.##.###..M.#.# #.##..#
#.###...##.##.###.##.##
#.########........(...#.#
#..............##.##...#
##########...#..o..o..##
###...##.###.#
##.###†###.###.#.#
#.M@o............
#########.####### #.# #.#
#<# ###############)#
................#
#################


You could see Menkaure (fast) and an orc.

Vanquished Creatures
  An iguana (D:3)
  An adder (D:4)
  2 worms
  A dart slug (D:3)
  An orc (D:4)
  2 bats
  4 endoplasms (D:3)
  2 giant cockroaches
  4 goblins
  3 hobgoblins
  10 jackals
  A quokka (D:4)
  2 frilled lizards (D:2)
  5 kobolds
  3 rats (D:1)
42 creatures vanquished.

Notes
Turn   | Place    | Note
-------+----------+-------------------------------------------
     0 | D:1      | Dustman the Ogre Transmuter began the quest for the Orb.
     0 | D:1      | Reached XP level 1. HP: 19/19 MP: 3/3
   147 | D:1      | Reached XP level 2. HP: 22/28 MP: 5/5
   192 | D:2      | Learned a level 2 spell: Wereblood
   493 | D:2      | Reached XP level 3. HP: 32/36 MP: 7/7
   581 | D:2      | Learned a level 1 spell: Pain
  1133 | D:3      | Reached XP level 4. HP: 44/44 MP: 6/8
  1339 | D:4      | Noticed Menkaure
  1376 | D:4      | Mangled by Menkaure

Illustrated notes

Levels and vault maps discovered:
D:1:      heliophobic_arrival_henge, layout_loops_corners
D:2:      layout_basic, mrwooster_statue_mirror
D:3:      layout_loops_corners, st_stairs_5
D:4:      layout_loops_ring, bloody_trog, portal_sewer_entry_e, uniq_menkaure

Skill      XL: |  1  2  3 |
---------------+----------+-----
Fighting       | 2 |  2.9
Unarmed Combat | 3 |  3.2
Spellcasting   | 3 |  3.2
Transmutations | 2 |  2.1
Armour         | |  0.7
Dodging        | |  1.7
Necromancy     | |  0.7

Action                   |  1- 3 |  4- 6 || total
-------------------------+-------+-------++-------
Melee: Unarmed           |   110 |    29 ||   139
       Kick              |    22 |     3 ||    25
       Headbutt          |     7 |     3 ||    10
       Staff             |       |     5 ||     5
 Cast: Beastly Appendage |    21 |     6 ||    27
       Wereblood         |     1 |     1 ||     2
  Use: Potion            |     1 |     2 ||     3
       Scroll            |       |     2 ||     2
Armor: Robe              |    31 |     6 ||    37
Dodge: Dodged            |    41 |    16 ||    57
